 Dungeon Crawl Stone Soup version 0.27-a0-1280-g9d2d252d84 (webtiles) character file.

Game seed: 16619059420687010078

42 Glokmah the Chiller (level 3, 0/28 HPs)
             Began as a Ghoul Ice Elementalist on June 13, 2021.
             Slain by a gnoll (3 damage)
             ... on level 2 of the Dungeon.
             The game lasted 00:01:57 (1274 turns).

Glokmah the Chiller (Ghoul Ice Elementalist)        Turns: 1274, Time: 00:01:59

Health: 0/28       AC:  2    Str: 11    XL:     3   Next: 54%
Magic:  1/5        EV: 12    Int: 11    God:
Gold:   69         SH:  0    Dex:  9    Spells: 2/6 levels left

rFire    . . .     SeeInvis .   a - +2 hand axe (freeze)
rCold    + . .     Faith    .   (no shield)
rNeg     + + +     Spirit   .   d - +0 robe
rPois    ∞         Reflect  .   (no helmet)
rElec    .         Harm     .   (no cloak)
rCorr    .         Rampage  .   (no gloves)
Will     .....                  (no boots)
Stlth    ++........             (no amulet)
HPRegen  0.00/turn              (no ring)
MPRegen  0.09/turn              (no ring)

@: no status effects
A: claws 1, cold resistance 1, negative energy resistance 3, inhibited
regeneration, torment resistance 2
a: no special abilities


You were on level 2 of the Dungeon.
You visited 1 branch of the dungeon, and saw 2 of its levels.

You collected 69 gold pieces.

Inventory:

Hand Weapons
 a - a +2 hand axe of freezing (weapon)
Armour
 d - a +0 robe (worn)
Scrolls
 b - 4 scrolls of identify {unknown}
 c - 2 scrolls of teleportation {unknown}
 f - a scroll of blinking {unknown}
Potions
 e - a potion of cancellation {unknown}
 g - a potion of curing {unknown}


   Skills:
 + Level 1.2 Fighting
 + Level 2.2 Dodging
 - Level 2.1 Stealth
 + Level 2.1 Spellcasting
 * Level 4.9 Ice Magic


You had 2 spell levels left.
You knew the following spells:

 Your Spells              Type           Power      Damage    Failure   Level
a - Freeze                Ice            48%        1d7       3%          1
b - Frozen Ramparts       Ice            24%        1d4       11%         3

Your spell library contained the following spells:

 Spells                   Type           Power      Damage    Failure   Level
 Animate Skeleton         Necr           2%         N/A       28%         1
 Apportation              Tloc           2%         N/A       28%         1
 Corona                   Hex            1%         N/A       28%         1
 Summon Small Mammal      Summ           4%         N/A       28%         1
 Ozocubu's Armour         Ice            12%        N/A       11%         3
 Hailstorm                Conj/Ice       6%         3d4       71%         4
 Metabolic Englaciation   Hex/Ice        3%         N/A       96%         5


Dungeon Overview and Level Annotations

Branches:
Dungeon (2/15)

Altars:


Innate Abilities, Weirdness & Mutations

You thrive by killing the living.
You are immune to poison.
You have sharp fingernails.
Your flesh is cold resistant. (rC+)
You are immune to negative energy. (rN+++)
You do not regenerate when monsters are visible.
You are immune to unholy pain and torment.


Message History

A gnoll comes into view. It is wielding a +0 spear.
A gnoll comes into view.
It is wielding a +1 flail of protection.
The wall freezes the gnoll.
Casting: Frozen Ramparts (quite dangerous; 12% risk of failure)
Confirm with . or Enter, or press ? or * to list all spells.
Aiming: Freeze (safe; 3% risk of failure)
Press: ? - help, Shift-Dir - straight line, f - gnoll
Aim: a gnoll, wielding a +0 club (moderately wounded)
You freeze the gnoll.
The gnoll is severely wounded.
The wall freezes the gnoll.
The gnoll hits you with a +0 club.
Unknown command.
The wall freezes the gnoll.
You kill the gnoll!
You feel better.
The wall freezes the gnoll.
The gnoll hits you from afar with a +0 spear!
The wall freezes the gnoll.
The gnoll closely misses you.
The wall freezes the gnoll.
Casting: Freeze (safe; 3% risk of failure)
Confirm with . or Enter, or press ? or * to list all spells.
Aiming: Freeze (safe; 3% risk of failure)
Press: ? - help, Shift-Dir - straight line, f - gnoll
Aim: a gnoll, wielding a +0 flail (moderately wounded)
You freeze the gnoll.
The gnoll is moderately wounded.
The wall freezes the gnoll.
The gnoll barely misses you.
Unknown command.
You barely miss the gnoll.
The gnoll is moderately wounded.
The wall freezes the gnoll.
The gnoll barely misses you.
The wall freezes the gnoll.
The gnoll misses you.
The wall freezes the gnoll.
The gnoll hits you with a +0 flail!
* * * LOW HITPOINT WARNING * * *
You barely miss the gnoll.
The gnoll is severely wounded.
The frozen ramparts melt away.
The gnoll hits you from afar with a +0 spear.
* * * LOW HITPOINT WARNING * * *
The gnoll hits you with a +0 flail.
You die...

######## #......#
#.####.#
#########.####.##
#.......#.#.....# #
#...#.#.#.##..# ###.
#.........##..# ...
#...#.#.......##.####.
## #@####............
...!.gg.#
#.##......#..
.#.#..#.#
#.####.>#.#..
#..#.####.#..........
... #.#......##.......
#.##
#.#............... #.
#.#......##)...... .
..#...††###....†..
#.....# #...)..#


You could see 2 gnolls.

Vanquished Creatures
  A gnoll (D:2)
  2 dart slugs
  2 bats (D:1)
  4 endoplasms
  3 goblins
  2 hobgoblins (D:1)
  2 jackals (D:1)
  A quokka (D:2)
  2 ball pythons
  2 kobolds
  4 rats
25 creatures vanquished.

Notes
Turn   | Place    | Note
-------+----------+-------------------------------------------
     0 | D:1      | Glokmah the Ghoul Ice Elementalist began the quest for the
                  | Orb.
     0 | D:1      | Reached XP level 1. HP: 14/14 MP: 2/2
    58 | D:1      | Reached XP level 2. HP: 8/22 MP: 0/3
   903 | D:1      | Found a faded altar of an unknown god.
   969 | D:1      | Reached skill level 1 in Fighting
  1060 | D:2      | Reached XP level 3. HP: 23/28 MP: 2/5
  1156 | D:2      | Learned a level 3 spell: Frozen Ramparts
  1274 | D:2      | Slain by a gnoll

Illustrated notes

Levels and vault maps discovered:
D:1:      minmay_arrival_radiant_lines, layout_rooms,
          chequers_ecumenical_altar_grove
D:2:      layout_loops_cross

Skill      XL: |  1  2 |
---------------+-------+-----
Dodging        | 2 |  2.2
Spellcasting   | 2 |  2.1
Fighting       | 1 |  1.2
Stealth        | |  2.1
Ice Magic      | |  4.9

Action                   || total
-------------------------++-------
Melee: Hand axe          ||    25
 Cast: Freeze            ||    28
       Frozen Ramparts   ||     1
Armor: Robe              ||     3
Dodge: Dodged            ||    29

Table legend: (Time is in decaauts)
 A = Elapsed time spent in this place.
 B = Non-inter-level travel time spent in this place.
 C = Inter-level travel time spent in this place.
 D = Time resting spent in this place.
 E = Time spent auto-exploring this place.
 F = Levels seen in this place.
 G = Mean time per level.
                   A        B        C        D        E       F      G
               +--------+--------+--------+--------+--------+-----+--------+
         Total |   1281 |   1222 |     59 |    472 |    543 |   2 |  640.5 |
       Dungeon |   1281 |   1222 |     59 |    472 |    543 |   2 |  640.5 |
               +--------+--------+--------+--------+--------+-----+--------+

Top non-repeatable levels by time:
     D:1: 1072 daAuts
     D:2: 209 daAuts
